 Dungeon Crawl Stone Soup version 0.27.1-33-g824d729ab1 (webtiles) character file.

Game seed: 12784462326157536571

11124 ticklebelly the Fighter (level 11, 0/102 HPs)
             Began as a Minotaur Berserker on Dec 31, 2021.
             Was an Elder of Trog.
             Killed from afar by a fire giant (39 damage)
             ... with a fireball
             ... on level 9 of the Dungeon on Jan 1, 2022.
             The game lasted 01:12:58 (11568 turns).

ticklebelly the Fighter (Minotaur Berserker)       Turns: 11568, Time: 01:12:59

Health: 0/102      AC: 16    Str: 25    XL:     11   Next: 45%
Magic:  10/10      EV:  9    Int:  4    God:    Trog [****..]
Gold:   424        SH: 12    Dex: 10    Spells: 10/10 levels left

rFire    . . .     SeeInvis .   r - +0 war axe
rCold    . . .     Faith    .   o - +0 kite shield
rNeg     . . .     Spirit   .   h - +3 chain mail {rPois}
rPois    +         Reflect  .   (helmet restricted)
rElec    .         Harm     .   (no cloak)
rCorr    .         Rampage  .   I - +0 pair of gloves {archery}
Will     .....                  z - +0 pair of boots
Stlth    ..........             s - amulet of the acrobat
HPRegen  0.27/turn              (no ring)
MPRegen  0.12/turn              (no ring)

@: about to teleport
A: horns 2, retaliatory headbutt
a: Renounce Religion, Berserk, Trog's Hand, Brothers in Arms


You were on level 9 of the Dungeon.
You worshipped Trog.
Trog was greatly pleased with you.
You visited 1 branch of the dungeon, and saw 9 of its levels.
You also visited: Sewer.

You collected 424 gold pieces.

Inventory:

Hand Weapons
 r - a +0 war axe (weapon)
 u - a +2 dire flail of protection
Missiles
 A - 3 silver javelins (quivered)
 F - 3 boomerangs
Armour
 h - a +3 chain mail of poison resistance (worn)
 o - a +0 kite shield (worn)
 z - a +0 pair of boots (worn)
 I - a +0 pair of gloves of archery (worn)
Jewellery
 a - a ring of fire
 i - a ring of ice
 s - an amulet of the acrobat (around neck)
Wands
 D - a wand of polymorph (24)
 K - a wand of iceblast (6)
 M - a wand of flame (13)
Scrolls
 c - 2 scrolls of brand weapon {unknown}
 e - 3 scrolls of identify
 f - 4 scrolls of magic mapping {unknown}
 g - a scroll of amnesia {unknown}
 k - 2 scrolls of noise {unknown}
 l - a scroll of enchant weapon {unknown}
 n - 5 scrolls of teleportation
 q - a scroll of holy word {unknown}
 v - a scroll of summoning {unknown}
 w - a scroll of blinking {unknown}
 x - a scroll of vulnerability {unknown}
 y - a scroll of fog {unknown}
 G - a scroll of enchant armour {unknown}
 J - a scroll of acquirement {unknown}
Potions
 b - 2 potions of flight {unknown}
 d - 2 potions of mutation {unknown}
 j - 3 potions of attraction {unknown}
 m - 2 potions of might {unknown}
 p - 3 potions of curing
 t - a potion of haste {unknown}
 B - a potion of magic {unknown}
 C - a potion of ambrosia {unknown}
 E - a potion of brilliance {unknown}
 H - a potion of heal wounds {unknown}
 L - a potion of cancellation {unknown}


   Skills:
 + Level 11.5 Fighting
 + Level 11.4 Axes
 + Level 8.6 Armour
 + Level 6.3 Dodging
 + Level 9.6 Shields
 + Level 4.1 Evocations


You had 10 spell levels left.
You didn't know any spells.
Your spell library was empty.

Dungeon Overview and Level Annotations

Branches:
Dungeon (9/15)             Temple (0/1) D:5             Orc (0/2) D:9
  Sewer (visited)
   Lair: D:8-11

Altars:
Dithmenos
Makhleb
Okawaru
Sif Muna
Trog
Uskayaw
Vehumet
Xom
The Shining One
Beogh

Shops:
D:1 (   D:6 (*:   D:7 :!(   D:8 *


Innate Abilities, Weirdness & Mutations

You have a pair of horns on your head.
You reflexively headbutt those who attack you in melee.


Message History

Aim: a deep troll (lightly wounded, 71% to hit)
The puff of flame hits the deep troll!
The deep troll is lightly wounded.
A fire giant comes into view.
It is wielding a +0 great sword of flaming.
Press: ? - help, v - describe, . - travel
Here: a fire giant, wielding a +0 great sword of flaming The floor.
Press: ? - help, v - describe, . - travel
Here: a deep troll (lightly wounded)
The floor.
You barely miss the deep troll.
You headbutt the deep troll, but do no damage.
The deep troll is lightly wounded.
You block the deep troll's attack. The deep troll claws you!
The deep troll claws you.
You slash the deep troll!
The deep troll is moderately wounded.
The deep troll bites you! The deep troll claws you.
You block the deep troll's attack.
The deep troll bites you but does no damage.
The deep troll closely misses you. The deep troll barely misses you.
You closely miss the deep troll. Your headbutt misses the deep troll.
The deep troll is moderately wounded.
You barely miss the fire giant. You hit the fire giant.
You headbutt the fire giant, but do no damage.
The fire giant is lightly wounded.
You block the fire giant's attack.
You slice the fire giant!! You headbutt the fire giant!
The fire giant is moderately wounded.
The fire giant hits you with a +0 great sword of flaming!!
The fire giant burns you.
There is an open door here.
The fire giant gestures at you while chanting.
The fireball explodes!
The fireball engulfs you!
As you read the scroll of teleportation, it crumbles to dust.
You feel strangely unstable. The fire giant casts a spell at you.
The fireball explodes!
The fireball engulfs you!!!
You die...

.........#...#... #.#..####.
#...###..#...##.. #.........
.##.# #..##..##.. #.........
.##.###...#..###.#######.#.......
..).......#..#.##.T....#.#.#####.
.######...##.'..##.....#.#.#####.
..........##.#...###...#.......##
.#######..#####'#####'##.........
.#### #..# #..@.CT...#.........
.(..####..######.......##........
..........#....####....###.......
......###.#....# ############...
...............# #.........
.....)..###....#########.........
....<.)....######................
######..##.#..........##.........
...# #..##.#..........####'###...


You could see a fire giant and a deep troll.

Vanquished Creatures
  Erolcha (D:9)
  2 centaur warriors
  A dancing weapon (D:8)
  The ghost of pkoi the Grappler, a novice DrMo of Sif Muna (D:8)
  2 cyclopes
  2 ugly things (D:9)
  A freezing wraith (D:9)
  Prince Ribbit (D:7)
  A slime creature (D:8)
  2 wraiths
  A vampire (D:9)
  11 yaks
  A steam dragon (D:6)
  Edmund (D:6)
  An acid dragon (D:8)
  A water moccasin (D:7)
  2 orc warriors (D:9)
  A hornet zombie (D:7)
  2 black bears
  Purgy (Sewer)
  2 sky beasts
  A necrophage (D:7)
  4 ogres
  5 centaurs
  A phantom (D:5)
  3 bullfrogs
  A water moccasin zombie (D:5)
  3 scorpions
  10 killer bees (D:8)
  2 howler monkeys
  5 wights (D:8)
  A centaur zombie (D:9)
  2 hounds (D:6)
  A jelly (D:6)
  4 orc priests
  A bullfrog skeleton (D:5)
  3 orc wizards
  An iguana (D:7)
  A killer bee zombie (D:8)
  2 hound skeletons
  A gnoll (D:4)
  8 adders
  2 worms
  2 dart slugs
  25 orcs
  6 endoplasms
  5 giant cockroaches
  6 goblins
  9 hobgoblins
  6 jackals
  5 quokkas
  7 ball pythons
  2 bats (D:1)
  4 frilled lizards
  11 kobolds
  4 rats
192 creatures vanquished.

Vanquished Creatures (others)
  2 plants (D:5)
2 creatures vanquished.

Grand Total: 194 creatures vanquished

Notes
Turn   | Place    | Note
-------+----------+-------------------------------------------
     0 | D:1      | ticklebelly the Minotaur Berserker began the quest for the
                  | Orb.
     0 | D:1      | Reached XP level 1. HP: 19/19 MP: 0/0
   206 | D:1      | Reached XP level 2. HP: 27/27 MP: 1/1
   320 | D:1      | Found Vuuv's Antique Weapon Shop.
   561 | D:1      | Reached ** piety under Trog
   634 | D:1      | Found a faded altar of an unknown god.
   759 | D:1      | Reached XP level 3. HP: 31/34 MP: 2/2
  1091 | D:2      | Found a radiant altar of Vehumet.
  1780 | D:2      | Reached XP level 4. HP: 40/41 MP: 3/3
  2047 | D:3      | Reached skill level 5 in Fighting
  2047 | D:3      | Reached skill level 5 in Axes
  2834 | D:4      | You fall into a shaft and drop 1 floor!
  2834 | D:5      | Entered Level 5 of the Dungeon
  2872 | D:4      | Reached XP level 5. HP: 48/48 MP: 4/4
  2883 | D:4      | Reached skill level 1 in Shields
  2887 | D:4      | Reached *** piety under Trog
  3381 | D:4      | Found a burning altar of Makhleb.
  3382 | D:4      | Found a shadowy altar of Dithmenos.
  3385 | D:4      | Found a hide-covered altar of Uskayaw.
  3461 | D:4      | Reached XP level 6. HP: 53/57 MP: 5/5
  3538 | D:4      | Found the +2 cloak of the Thief {*Fog Slay-2 SInv Stlth+}
  3795 | D:5      | Found a staircase to the Ecumenical Temple.
  3919 | D:5      | Reached XP level 7. HP: 64/64 MP: 6/6
  4814 | D:5      | Reached skill level 5 in Shields
  4817 | D:5      | Reached XP level 8. HP: 48/73 MP: 7/7
  5008 | D:6      | Noticed Edmund
  5026 | D:6      | Killed Edmund
  5067 | D:6      | Found Ynlacuuf's Book Shop.
  5097 | D:6      | Found a shimmering altar of Xom.
  5271 | D:6      | Found a glowing drain.
  5288 | Sewer    | Entered a sewer
  5331 | Sewer    | Noticed Purgy
  5338 | Sewer    | Killed Purgy
  5389 | Sewer    | Identified the +0 leather armour "Ximuicsy" {rElec rF+
                  | Str+5 Slay-2}
  5435 | D:6      | Found Gygaism's Weapon Boutique.
  5714 | D:6      | Found Wayk Ruo's General Store.
  5862 | D:7      | Found Koamipo's Weapon Shop.
  6002 | D:7      | Reached XP level 9. HP: 76/83 MP: 8/8
  6053 | D:7      | Reached skill level 1 in Evocations
  6077 | D:7      | Found a bloodstained altar of Trog.
  6191 | D:7      | Found Xausoil's Distillery.
  6226 | D:7      | Reached **** piety under Trog
  6304 | D:7      | Found a shimmering blue altar of Sif Muna.
  6382 | D:7      | Noticed Prince Ribbit
  6394 | D:7      | Killed Prince Ribbit
  6488 | D:7      | Found Anyquff's Book Emporium.
  7022 | D:8      | Found Ibykke's Assorted Antiques.
  7062 | D:8      | Reached skill level 5 in Armour
  7219 | D:8      | Found a runed translucent door.
  7220 | D:8      | Found a shimmering altar of Xom.
  7220 | D:8      | Noticed pkoi's ghost (novice DrMo)
  7221 | D:8      | Noticed a +1 hand axe of chaos
  7297 | D:8      | Noticed a cyclops
  7297 | D:8      | Noticed a centaur warrior
  7313 | D:8      | Killed a centaur warrior
  7314 | D:8      | Reached skill level 5 in Dodging
  7326 | D:8      | Killed a cyclops
  7327 | D:8      | Reached XP level 10. HP: 37/93 MP: 9/9
  7664 | D:8      | Reached skill level 10 in Fighting
  7688 | D:8      | Reached skill level 10 in Axes
  8452 | D:8      | Killed a +1 hand axe of chaos
  8460 | D:8      | Killed pkoi's ghost
  8643 | D:9      | Noticed Erolcha
  8656 | D:9      | Killed Erolcha
  8669 | D:9      | Found a glowing golden altar of the Shining One.
  8804 | D:9      | Found an iron altar of Okawaru.
  8925 | D:9      | Reached XP level 11. HP: 77/102 MP: 10/10
  9024 | D:9      | Noticed a white ugly thing
  9024 | D:9      | Noticed a white ugly thing
  9031 | D:9      | Noticed a centaur warrior
  9040 | D:9      | Killed a white ugly thing
  9049 | D:9      | Killed a purple ugly thing
  9056 | D:9      | Killed a centaur warrior
 10398 | D:9      | Found a staircase to the Orcish Mines.
 11548 | D:9      | Noticed a deep troll
 11551 | D:9      | Noticed a fire giant
 11568 | D:9      | Killed from afar by a fire giant

Illustrated notes

Levels and vault maps discovered:
D:1:      lightli_arrival_quake, layout_loops_corners, serial_shops,
          nicolae_square_shop, basic_ecumenical_altar, skrybe_limestone_x,
          minmay_misc_feat_chi, minmay_shallow_snake_nest
D:2:      layout_basic, basic_altar
D:3:      layout_loops_cross
D:4:      layout_basic, grunt_temple_overflow_open, minmay_between
D:5:      cheibrodos_helix_gallery, layout_gridville,
          minmay_temple_entry_gardened_gates
D:6:      layout_rooms, mainiacjoe_overflow_paths, portal_sewer_entry_f,
          serial_shops, shop, nicolae_stop_n_shop_1, nicolae_shop_waterfront,
          hangedman_decor_slide_cut, uniq_edmund
D:7:      layout_loops_corners, nicolae_sif_muna_condensation,
          mainiacjoe_overflow_small_starburst, serial_shops, shop,
          kennysheep_mini_moat, nicolae_stop_n_shop_2, uniq_prince_ribbit1
D:8:      layout_rooms, serial_shops, kennysheep_mini, ebering_ghost_xom,
          minmay_radiant
D:9:      minmay_sliced_demisemicircle, layout_basic, okawaru_gym_becter,
          tso_metal_star, minmay_orc_entry_temple_small, uniq_erolcha

Skill      XL: |  1  2  3  4  5  6  7  8  9 10 11 |
---------------+----------------------------------+-----
Fighting       | 4 5 6 7 9 11 | 11.5
Axes           | 4 5 6 7 9 11 | 11.4
Shields        | 2 3 5 7 9 |  9.6
Armour         | 3 4 5 7 8 |  8.6
Dodging        | 3 4 5 6 |  6.3
Evocations     | 3 4 |  4.1

Action                   |  1- 3 |  4- 6 |  7- 9 | 10-12 || total
-------------------------+-------+-------+-------+-------++-------
Melee: Hand axe          |    80 |   115 |       |       ||   195
       Headbutt          |    13 |    26 |    37 |    56 ||   132
       War axe           |       |    29 |   214 |   263 ||   506
Throw: Javelin           |       |       |     3 |       ||     3
Invok: Berserk           |     1 |     1 |       |     2 ||     4
       Trog's Hand       |       |       |     1 |     4 ||     5
Evoke: Wand              |       |       |       |     3 ||     3
  Use: Scroll            |       |       |     2 |     3 ||     5
       Potion            |       |       |     1 |       ||     1
 Stab: Invisible         |       |       |       |     6 ||     6
Armor: Animal skin       |     5 |       |       |       ||     5
       Ring mail         |     5 |       |       |       ||     5
       Chain mail        |       |    73 |   140 |   120 ||   333
Dodge: Dodged            |    49 |    30 |    92 |   110 ||   281
Block: Kite shield       |       |    64 |   153 |   166 ||   383
